 Dungeon Crawl Stone Soup version 0.30.0-29-ga12c61a403 (webtiles) character file.

Game seed: 959356907032972045

2481 Ijustatesigmund the Stinger (level 9, -5/60 HPs)
             Began as an Octopode Venom Mage on June 16, 2023.
             Was an Elder of Cheibriados.
             Slain by a yak (11 damage)
             ... on level 7 of the Dungeon.
             The game lasted 00:16:01 (9129 turns).

Ijustatesigmund the Stinger (Octopode Venom Mage)   Turns: 9129, Time: 00:16:03

Health: -5/60      AC:  1    Str: 16    XL:     9   Next: 51%
Magic:  17/17      EV: 14    Int: 43    God:    Cheibriados [****..]
Gold:   374        SH:  0    Dex: 21    Spells: 5/19 levels left

rFire   + . .        v - +4 quarterstaff (heavy)
rCold   . . .        (shield currently unavailable)
rNeg    . . .        (helmet restricted)
rPois   .            (no amulet)
rElec   .            b - ring of willpower
rCorr   .            f - +6 ring of intelligence
SInv    .            m - ring of protection from fire
Will    ++...        p - ring of willpower
Stlth   ++++         C - +6 ring of intelligence
HPRegen 0.30/turn    (no ring)
MPRegen 0.15/turn    (no ring)
                     (no ring)

%: no passive effects
@: very slow
A: almost no armour, amphibious, 8 rings, camouflage 1, gelatinous body 1,
(nimble swimmer 1), tentacles
a: Renounce Religion, Bend Time, Temporal Distortion, Slouch


You were on level 7 of the Dungeon.
You worshipped Cheibriados.
Cheibriados was greatly pleased with you.
You visited 1 branch of the dungeon, and saw 8 of its levels.
You also visited: Sewer.

You collected 407 gold pieces.
You spent 33 gold pieces at shops.

Inventory:

Hand Weapons
 d - the +10 dagger "Qistivil" {flame, rF+ Will++}
   (You found it on level 6 of the Dungeon)

   rF:        It protects you from fire.
   Will:      It greatly increases your willpower.
 v - a +4 heavy quarterstaff (weapon)
Missiles
 s - a curare-tipped dart
Armour
 j - a +1 buckler
Magical Staves
 k - a staff of air
Jewellery
 b - a ring of willpower (left tentacle)
 f - a +6 ring of intelligence (right tentacle)
 m - a ring of protection from fire (on tentacle)
 p - a ring of willpower (on tentacle)
 t - a ring of fire
 C - a +6 ring of intelligence (on tentacle)
Wands
 h - a wand of charming (9)
Scrolls
 e - 3 scrolls of teleportation
 i - 2 scrolls of fear
 n - a scroll of enchant armour
 o - a scroll of amnesia
 y - a scroll of blinking
 z - a scroll of identify
 A - a scroll of enchant weapon {unknown}
Potions
 a - 2 potions of magic
 g - 4 potions of flight
 l - 2 potions of resistance
 q - a potion of brilliance {unknown}
 r - 3 potions of cancellation {unknown}
 u - a potion of ambrosia {unknown}
 w - a potion of invisibility {unknown}
 x - a potion of lignification {unknown}
 B - a potion of mutation {unknown}


   Skills:
 - Level 4.8 Fighting
 - Level 4.1 Staves
 - Level 2.0 Dodging
 - Level 2.6 Stealth
 + Level 5.5 Spellcasting
 - Level 2.5 Conjurations
 - Level 1.1 Transmutations
 - Level 2.7 Air Magic
 - Level 7.8 Poison Magic
 - Level 5.7 Invocations


You had 5 spell levels left.
You knew the following spells:

 Your Spells              Type           Power      Damage    Failure   Level
a - Sting                 Tmut/Pois      100%       1d8       1%          1
b - Poisonous Vapours     Pois/Air       100%       N/A       1%          2
c - Mephitic Cloud        Conj/Pois/Air  49%        N/A       1%          3
d - Olgreb's Toxic Radia  Pois           68%        N/A       1%          4
e - Dispel Undead         Necr           11%        3d9       22%         4

Your spell library contained the following spells:

 Spells                   Type           Power      Damage    Failure   Level
 Beastly Appendage        Tmut           42%        N/A       1%          1
 Kiss of Death            Conj/Necr      88%        2d12      1%          1
 Spider Form              Tmut/Pois      50%        N/A       1%          3
 Wereblood                Tmut           21%        N/A       2%          2
 Vhi's Electric Charge    Tloc/Air       46%        N/A       4%          3
 Confusing Touch          Hex            11%        N/A       7%          3
 Arcjolt                  Conj/Air       17%        1d27      22%         5
 Plasma Beam              Fire/Air       11%        2x1d24    90%         6


Dungeon Overview and Level Annotations

Branches:
Dungeon (8/15)             Temple (0/1) D:7           Sewer (visited)
   Lair: D:8-11

Altars:
Cheibriados
Elyvilon
Kikubaaqudgha
Makhleb
Xom

Shops:
D:1 *


Innate Abilities, Weirdness & Mutations

You cannot wear most types of armour.
You are amphibious.
You can wear up to eight rings at the same time.
Your skin changes colour to match your surroundings (Stealth+).
Your rubbery body absorbs attacks. (AC +1, EV +1)
((You are camouflaged when in or above water. (Stealth+)))
You have tentacles for arms and can constrict up to eight enemies at once.


Message History

There are monsters nearby!
Casting: Olgreb's Toxic Radiance (dangerous; 1% risk of failure)
Confirm with . or Enter, or press ? or * to list all spells.
Aiming: Poisonous Vapours (safe; 1% risk of failure)
Press: ? - help, Dir - move target, f - yak
Aim: a yak (asleep) Poisonous vapours surround the yak!
The yak is poisoned.
The yak bellows! x2; You hear a bellow!
Casting: Poisonous Vapours (safe; 1% risk of failure)
Confirm with . or Enter, or press ? or * to list all spells.
You begin to radiate toxic energy.
The yak is poisoned.
The yak looks even sicker.
The yak looks as sick as possible!
The yak looks as sick as possible!
A yak comes into view.
Casting: Olgreb's Toxic Radiance (dangerous; 1% risk of failure)
Confirm with . or Enter, or press ? or * to list all spells.
Aiming: Poisonous Vapours (safe; 1% risk of failure)
Press: ? - help, Dir - move target, f/p - yak
Aim: a yak (lightly wounded, extremely poisoned) Poisonous vapours surround the yak!
The yak looks as sick as possible!
The yak looks even sicker.
The yak looks as sick as possible!
The yak is poisoned.
Your toxic aura wanes.
You climb upwards.
There is a stone staircase leading down here.
You start resting.
Magic restored.
You climb downwards.
The yak bellows!
You hear a shout!
The yak completely misses you.
There is a stone staircase leading up here.
The yak gores you! x2
You climb upwards.
There is a stone staircase leading down here.
The yak attacks as you move away! The yak gores you! The yak gores you!!
* * * LOW HITPOINT WARNING * * *
The yak gores you!
* * * LOW HITPOINT WARNING * * *
The yak attacks as you move away! The yak gores you!
You die...

.......##..#..........# ##.#.####
##########.#..##.####.###?......#
####8...8#######.# #.#.......#.#
...#.....#...#...# #.#.##.#..#.#
.8....>....8...### #.#.##.#.....
...#.....#...##### #......##.#.#
####8...8#####...# ###.#####.#.#
##.####### ###.# #.....###.#.#
......[..#### ##@####.?.......#..
............###YY...(.....####...
.........#.......)..#.....# #.##
##...#####..##)).##.#.....# #.#
#.....####..##[..##.####### #.#
#.....#......)......# #.#
#....^#.##......##..# #.#
##...##.##......##..# #.#
##.................## #.#


You could see 2 yaks.

Vanquished Creatures
  A two-headed ogre (D:6)
  Sigmund (D:6)
  2 ice beasts
  3 phantoms
  2 kobold brigands
  3 bullfrogs
  3 gnoll sergeants
  3 scorpions
  3 hounds
  Crazy Yiuf (D:4)
  2 iguanas
  Robin (D:4)
  16 gnolls
  11 adders
  9 river rats (Sewer)
  3 white imps
  A dart slug (D:2)
  An orc (D:5)
  12 ball pythons
  8 endoplasms
  4 giant cockroaches
  11 goblins
  11 hobgoblins
  11 jackals
  7 bats
  4 frilled lizards
  11 kobolds
  16 rats
161 creatures vanquished.

Vanquished Creatures (others)
  A jackal (D:5)
  A quokka (D:5)
2 creatures vanquished.

Grand Total: 163 creatures vanquished

Notes
Turn   | Place    | Note
-------+----------+-------------------------------------------
     0 | D:1      | Ijustatesigmund the Octopode Venom Mage began the quest for
                  | the Orb.
     0 | D:1      | Reached XP level 1. HP: 11/11 MP: 3/3
   102 | D:1      | Reached XP level 2. HP: 18/18 MP: 1/5
   115 | D:1      | Learned a level 2 spell: Poisonous Vapours
   183 | D:1      | Reached skill level 1 in Fighting
   183 | D:1      | Reached skill level 4 in Poison Magic
   412 | D:1      | Reached XP level 3. HP: 23/23 MP: 1/6
   420 | D:1      | Learned a level 3 spell: Mephitic Cloud
   728 | D:1      | Found Duylawy's General Store.
   736 | D:1      | Bought a scroll of teleportation for 33 gold pieces
  1091 | D:2      | Reached skill level 1 in Air Magic
  1124 | D:2      | Reached XP level 4. HP: 11/28 MP: 3/7
  1421 | D:2      | Found a snail-covered altar of Cheibriados.
  1437 | D:2      | Became a worshipper of Cheibriados the Contemplative
  2023 | D:3      | Found a faded altar of an unknown god.
  2042 | D:3      | Reached skill level 1 in Conjurations
  2308 | D:3      | Reached * piety under Cheibriados
  2620 | D:4      | Reached skill level 1 in Invocations
  2620 | D:4      | Reached XP level 5. HP: 21/33 MP: 5/9
  2621 | D:4      | Noticed Robin
  2671 | D:4      | Found a glowing drain.
  2680 | Sewer    | Entered a sewer
  4219 | Sewer    | Learned a level 4 spell: Olgreb's Toxic Radiance
  4244 | Sewer    | Reached ** piety under Cheibriados
  4245 | Sewer    | Reached skill level 5 in Poison Magic
  4245 | Sewer    | Reached XP level 6. HP: 29/38 MP: 4/10
  4910 | D:4      | Found a burning altar of Makhleb.
  5064 | D:4      | Reached XP level 7. HP: 39/44 MP: 5/12
  5066 | D:4      | Killed Robin
  5247 | D:4      | Found a runed translucent door.
  5248 | D:4      | Noticed Crazy Yiuf
  5255 | D:4      | Killed Crazy Yiuf
  5255 | D:4      | Reached *** piety under Cheibriados
  5477 | D:5      | Entered Level 5 of the Dungeon
  5595 | D:5      | Reached skill level 1 in Staves
  5750 | D:5      | Reached skill level 6 in Poison Magic
  5880 | D:5      | Found an ancient bone altar of Kikubaaqudgha.
  5895 | D:5      | Reached XP level 8. HP: 12/51 MP: 8/14
  6316 | D:5      | Found a white marble altar of Elyvilon.
  6673 | D:6      | Noticed a two-headed ogre
  6682 | D:6      | Killed a two-headed ogre
  6683 | D:6      | Reached skill level 7 in Poison Magic
  6919 | D:6      | Reached skill level 5 in Spellcasting
  6919 | D:6      | Reached XP level 9. HP: 33/58 MP: 16/16
  6955 | D:6      | Reached skill level 5 in Invocations
  7469 | D:6      | Identified the +10 dagger "Qistivil" {flame, rF+ Will++}
  7471 | D:6      | Noticed Sigmund
  7482 | D:6      | Killed Sigmund
  8018 | D:7      | Reached **** piety under Cheibriados
  8267 | D:7      | Found a staircase to the Ecumenical Temple.
  8390 | D:7      | HP: 1/60 [gnoll/+0 spear[a gnoll sergeant] (10)]
  8878 | D:7      | Found a shimmering altar of Xom.
  8880 | D:7      | Found a shimmering altar of Xom.
  9050 | D:7      | Learned a level 4 spell: Dispel Undead
  9129 | D:7      | Slain by a yak

Illustrated notes

Levels and vault maps discovered:
D:1:      minmay_arrival_semitransparent, layout_basic, serial_shops, shop
D:2:      layout_basic, basic_altar, grunt_ministairs_3, minmay_pentomino_p4
D:3:      layout_loops_ring, shapermc_ecumenical_altar_gd,
          mrwooster_statue_mirror, minmay_cut_off
D:4:      layout_basic, mainiacjoe_overflow_six_doors_small,
          portal_sewer_entry_d, uniq_robin, uniq_crazy_yiuf_cottage
D:5:      layout_cave_pools, mainiacjoe_overflow_alcove_2, elyvilon_altar_4
D:6:      layout_basic, uniq_sigmund
D:7:      layout_loops_cross, xom_redecorated, minmay_temple_entry_antechambers
D:8:      layout_cave_pools, mainiacjoe_overflow_chevrons, uniq_pikel

Skill      XL: |  1  2  3  4  5  6  7  8  9 |
---------------+----------------------------+-----
Fighting       | 1 2 4 |  4.8
Poison Magic   | 4 5 6 7 |  7.8
Air Magic      | 1 2 |  2.7
Conjurations   | 1 2 |  2.5
Invocations    | 1 2 3 4 5 |  5.7
Spellcasting   | 3 4 5 |  5.5
Staves         | 1 3 4 |  4.1
Dodging        | |  2.0
Stealth        | |  2.6
Transmutations | |  1.1

Action                     |  1- 3 |  4- 6 |  7- 9 || total
---------------------------+-------+-------+-------++-------
  Melee: Unarmed           |     5 |       |       ||     5
         Tentacles         |     8 |    14 |    13 ||    35
         Constrict         |    10 |    23 |    14 ||    47
         Flail             |    34 |     1 |       ||    35
         Short sword       |     2 |       |       ||     2
         Punch             |     1 |       |     1 ||     2
         Trident           |       |   111 |     4 ||   115
         Quarterstaff      |       |       |    63 ||    63
   Cast: Sting             |     5 |     9 |       ||    14
         Poisonous Vapours |    15 |    48 |    19 ||    82
         Olgreb's Toxic Ra |       |     2 |    15 ||    17
         Mephitic Cloud    |       |       |     6 ||     6
    Use: Scroll            |     7 |     7 |     6 ||    20
         Potion            |       |     2 |     2 ||     4
   Stab: Sleeping          |       |     8 |       ||     8
         Confused          |       |       |     1 ||     1
 Armour: Skin              |     5 |     5 |     4 ||    14
  Dodge: Dodged            |    35 |    88 |    51 ||   174
